 Dungeon Crawl Stone Soup version 0.31.0-32-g396128a36d (webtiles) character file.

Game seed: 9210224056904192748

155 hawla the Firebug (level 5, -5/42 HPs)
             Began as a Deep Elf Fire Elementalist on Apr 18, 2024.
             Slain by a sleepcap (6 damage)
             ... on level 4 of the Dungeon.
             The game lasted 00:05:56 (3458 turns).

hawla the Firebug (Deep Elf Fire Elementalist)      Turns: 3458, Time: 00:05:57

Health: -5/42      AC: 26    Str:  3    XL:     5   Next: 14%
Magic:  0/11       EV:  2    Int: 22    God:
Gold:   119        SH:  0    Dex: 15    Spells: 7/10 levels left

rFire   . . .        k - staff of alchemy
rCold   . . .        (no shield)
rNeg    . . .        a - melded +0 robe
rPois   +            (helmet currently unavailable)
rElec   .            (cloak currently unavailable)
rCorr   .            (gloves currently unavailable)
SInv    .            j - melded +1 pair of boots
Will    .....        (no amulet)
Stlth   ++           m - +4 ring of protection
HPRegen 0.27/turn    (no ring)
MPRegen 0.12/turn

%: no passive effects
@: tree-form
A: stationary, stasis, torment immunity, boosted hp, sense surroundings 1, weak
1
a: no special abilities


You were on level 4 of the Dungeon.
You were a tree.
You visited 1 branch of the dungeon, and saw 4 of its levels.

You collected 119 gold pieces.

Inventory:

Armour
 a - a +0 robe (melded)
 j - a +1 pair of boots (melded)
Magical Staves
 k - a staff of alchemy (weapon)
Jewellery
 m - a +4 ring of protection (left branch)
 p - a ring of flight
Wands
 o - a wand of paralysis (14)
Scrolls
 d - a scroll of enchant weapon
 e - a scroll of identify
 h - 3 scrolls of fear
 i - a scroll of blinking
Potions
 b - a potion of magic
 f - a potion of heal wounds {unknown}
 g - a potion of degeneration {unknown}
 l - 2 potions of curing {unknown}
 n - a potion of brilliance {unknown}
 q - a potion of invisibility {unknown}


   Skills:
 - Level 2.4 Dodging
 - Level 2.4 Stealth
 - Level 3.0 Spellcasting
 - Level 1.1 Conjurations
 + Level 6.2 Fire Magic
 - Level 1.0 Alchemy
 - Level 1.0 Evocations


You had 7 spell levels left.
You knew the following spells:

 Your Spells              Type           Power      Damage    Failure   Level
a - Foxfire               Conj/Fire      76%        2x1d7     2%          1
b - Scorch                Fire           60%        2d7       1%          2

Your spell library contained the following spells:

 Spells                   Type           Power      Damage    Failure   Level
 Inner Flame              Hex/Fire       16%        N/A       11%         3
 Volatile Blastmotes      Fire/Tloc      32%        2d12      11%         3
 Flame Wave               Conj/Fire      19%        2d7       28%         4
 Hailstorm                Conj/Ice       5%         3d5       30%         3
 Ozocubu's Armour         Ice            3%         N/A       36%         3
 Summon Ice Beast         Ice/Summ       3%         N/A       36%         3
 Metabolic Englaciation   Hex/Ice        1%         N/A       98%         5
 Sculpt Simulacrum        Ice/Alch       4%         N/A       100%        6


Dungeon Overview and Level Annotations

Branches:
Dungeon (4/15)
 Temple: D:4-7

Altars:


Innate Abilities, Weirdness & Mutations

You are a tree.
Your roots penetrate the ground, keeping you stationary.
You cannot be teleported.
You are immune to unholy pain and torment.
Your maximum health is greatly increased.
Your equipment is partially melded.
You passively map a small area around you.
You are weak. (Str -2)


Message History

The sleepcap releases spores at you.
* * * LOW HITPOINT WARNING * * *
The hobgoblin barely misses you.
Okay, then.
Casting: Foxfire (safe; 2% risk of failure)
Confirm with . or Enter, or press ? or * to list all spells.
You conjure some foxfire!
The adder is no longer more vulnerable to fire.
The adder bites you.
* * * LOW HITPOINT WARNING * * *
The sleepcap releases spores at you.
* * * LOW HITPOINT WARNING * * *
The hobgoblin hits you but does no damage.
Casting: Foxfire (safe; 2% risk of failure)
Confirm with . or Enter, or press ? or * to list all spells.
You conjure some foxfire!
The foxfire hits the hobgoblin.
The hobgoblin is moderately wounded.
The adder bites you but does no damage.
The hobgoblin hits you but does no damage.
The sleepcap releases spores at you but does no damage.
You hit the sleepcap but do no damage.
The sleepcap is severely damaged.
The sleepcap is no longer more vulnerable to fire.
The foxfire hits the sleepcap but does no damage.
The sleepcap is severely damaged.
The foxfire hits the sleepcap but does no damage.
The sleepcap is severely damaged.
The foxfire hits the sleepcap.
The sleepcap is almost destroyed.
The adder bites you but does no damage.
The hobgoblin hits you but does no damage.
The adder bites you.
* * * LOW HITPOINT WARNING * * *
The sleepcap releases spores at you but does no damage.
Casting: Foxfire (safe; 2% risk of failure)
Confirm with . or Enter, or press ? or * to list all spells.
You conjure some foxfire!
The adder bites you.
* * * LOW HITPOINT WARNING * * *
The sleepcap releases spores at you.
You die...

*##...####...........##..
##....####...............
#.....##.......(........#
,, #.......##........#..
, ##.....##[....###.#...
*,, ###.#.## #...# # #...
* . ###...# ..... , **
....#.#§v.## #.... , * *
#....♣v..# #... *
#...Sfg..# , ,
.........$.# * *
#............ .
,,.............# ..## *
.............# , #... *
.......=###....,, *#.. ,
*........# #.##, #. * ,
#.


You could see a sleepcap, an adder (ally target) and a hobgoblin (ally target).

Vanquished Creatures
  A bombardier beetle (D:3)
  4 gnolls (D:3)
  2 adders
  A ribbon worm (D:3)
  4 ball pythons
  6 endoplasms
  4 giant cockroaches
  5 goblins
  4 hobgoblins
  4 jackals (D:2)
  2 quokkas
  10 bats
  2 frilled lizards
  7 kobolds
  8 rats
64 creatures vanquished.

Vanquished Creatures (others)
  140 foxfires
140 creatures vanquished.

Grand Total: 204 creatures vanquished

Notes
Turn   | Place    | Note
-------+----------+-------------------------------------------
     0 | D:1      | hawla the Deep Elf Fire Elementalist began the quest for
                  | the Orb.
     0 | D:1      | Reached XP level 1. HP: 10/10 MP: 6/6
   205 | D:1      | Reached XP level 2. HP: 15/15 MP: 4/8
   257 | D:1      | Reached skill level 4 in Fire Magic
   813 | D:1      | Found a faded altar of an unknown god.
  1023 | D:2      | Reached XP level 3. HP: 17/19 MP: 5/9
  1029 | D:2      | Learned a level 2 spell: Scorch
  1224 | D:2      | Reached skill level 5 in Fire Magic
  1568 | D:3      | Reached XP level 4. HP: 24/24 MP: 0/10
  2991 | D:3      | Reached skill level 6 in Fire Magic
  3118 | D:3      | Reached skill level 1 in Alchemy
  3118 | D:3      | Reached skill level 1 in Evocations
  3118 | D:3      | Reached XP level 5. HP: 28/28 MP: 4/11
  3267 | D:4      | Gained mutation: You are dopey. (Int -2) [potion of
                  | mutation]
  3267 | D:4      | Lost mutation: You are dopey. (Int -2) [potion of mutation]
  3267 | D:4      | Gained mutation: You have hidden genetic defects. [potion
                  | of mutation]
  3268 | D:4      | Lost mutation: You have hidden genetic defects. [potion of
                  | mutation]
  3268 | D:4      | Gained mutation: You passively map a small area around you.
                  | [potion of mutation]
  3268 | D:4      | Gained mutation: You are weak. (Str -2) [potion of
                  | mutation]
  3458 | D:4      | HP: 1/42 [adder (2)]
  3458 | D:4      | Slain by a sleepcap

Illustrated notes

Levels and vault maps discovered:
D:1:      eino_arrival_cavern_e, layout_basic, shapermc_ecumenical_altar_gd
D:2:      layout_basic
D:3:      layout_basic
D:4:      layout_cave_pools, kennysheep_nondescript, minivault_26

Skill      XL: |  1  2  3  4 |
---------------+-------------+-----
Fire Magic     | 4 5 6 |  6.2
Alchemy        | 1 |  1.0
Evocations     | 1 |  1.0
Dodging        | |  2.4
Stealth        | |  2.4
Spellcasting   | |  3.0
Conjurations   | |  1.1

Action                     |  1- 3 |  4- 6 || total
---------------------------+-------+-------++-------
  Melee: Unarmed           |     7 |       ||     7
         Staff             |     1 |    11 ||    12
   Cast: Foxfire           |    55 |    22 ||    77
         Scorch            |     5 |    28 ||    33
    Use: Scroll            |     4 |     3 ||     7
         Potion            |       |     3 ||     3
 Armour: Robe              |     8 |    15 ||    23
         Skin              |       |    15 ||    15
  Dodge: Dodged            |    10 |    19 ||    29
